Map: Ruins of Endion

Players

Miszu - Winner!

  • Race: Terran Terran
  • League: Master

Chabby

  • Race: Protoss Protoss
  • League: Grandmaster

VOD

Have the link to the VOD?

Description

Time

  • Played on: April 4, 2016, 1:39 p.m.
  • Length: 11:24
Show
View Real Time Build Order
Export as new Build Order

Miszu Terran - Winner!

Build Orders: Command Center First (CC), MMM Bio 

Get SALT Encoding   

  12  0:01  SCV  
  13  0:13  SCV  
  14  0:18  Supply Depot  
  14  0:25  SCV  
  15  0:40  SCV  
  16  0:52  SCV  
  17  1:04  SCV  
  18  1:09  Command Center  
  18  1:16  SCV  
  18  1:18  Barracks  
  19  1:28  SCV  
  19  1:31  Barracks  
  20  1:40  SCV  
  20  1:45  Barracks  
  21  1:52  SCV  
  22  2:06  Marine, Orbital Command  
  23  2:20  Marine  
  23  2:22  Orbital Command  
  24  2:25  Marine  
  25  2:30  Refinery  
  25  2:31  Refinery  
  25  2:32  Marine, SCV  
  27  2:38  Marine  
  27  2:43  Marine  
  29  2:44  SCV  
  29  2:46  Supply Depot  
  29  2:48  SCV  
  29  2:50  Marine  
  32  2:56  Marine, SCV  
  34  3:01  Barracks Tech Lab  
  34  3:05  SCV  
  35  3:08  Supply Depot, Marine  
  35  3:09  SCV  
  37  3:16  Marine  
  37  3:17  SCV  
  37  3:19  Marine  
  40  3:20  Stimpack  
  40  3:21  SCV  
  40  3:26  Marine  
  42  3:29  SCV  
  42  3:33  SCV  
  42  3:34  Marine  
  44  3:37  Marine  
  43  3:41  SCV  
  43  3:45  SCV  
  41  3:53  SCV  
  41  3:55  Marine x2  
  43  3:59  SCV  
  44  4:05  Marine  
  44  4:06  SCV  
  46  4:11  Factory, SCV  
  46  4:15  Refinery  
  47  4:18  SCV  
  47  4:23  SCV  
  48  4:24  Engineering Bay, Marine x2  
  48  4:30  Supply Depot, SCV  
  51  4:34  Marine  
  51  4:35  SCV  
  53  4:42  SCV  
  54  4:49  Marine  
  54  4:50  Marine  
  54  4:51  SCV  
  54  4:52  Marine  
  54  4:54  SCV  
  54  4:55  Starport  
  54  4:56  Factory Reactor  
  54  4:57  Missile Turret  
  55  5:00  Missile Turret  
  55  5:03  SCV  
  55  5:06  SCV  
  57  5:07  Supply Depot  
  57  5:10  Marine  
  57  5:11  Marine x2  
  60  5:15  SCV  
  60  5:18  SCV  
  62  5:24  Supply Depot  
  62  5:26  Combat Shields  
  62  5:29  SCV  
  62  5:30  Barracks Reactor, Barracks Tech Lab, SCV  
  64  5:40  Medivac  
  64  5:41  Medivac, SCV  
  70  5:42  SCV  
  70  5:46  Command Center  
  70  5:51  Terran Infantry Weapons Level 1, Refinery  
  70  5:53  Marine, SCV  
  70  5:54  Marine, SCV  
  70  5:56  Concussive Shells  
  74  6:05  SCV  
  74  6:07  SCV  
  76  6:11  Marine  
  76  6:17  SCV  
  78  6:19  Supply Depot  
  78  6:21  Medivac x2, Marauder, SCV  
  85  6:25  Barracks  
  85  6:26  Barracks  
  85  6:28  Marine  
  86  6:37  Supply Depot  
  86  6:40  SCV x2  
  86  6:41  Marauder, Liberator x2  
  86  6:43  Marauder  
  86  6:45  Marine x2  
  94  6:58  SCV x2  
  102  7:02  Marauder  
  102  7:03  Marine  
  105  7:10  SCV  
  105  7:14  Missile Turret  
  105  7:21  SCV  
  105  7:22  Marine, SCV  
  109  7:23  Marauder  
  109  7:24  Barracks Reactor, Barracks Tech Lab, Marauder  
  109  7:27  Fusion Core  
  109  7:29  Starport  
  112  7:30  Orbital Command  
  112  7:33  SCV  
  113  7:39  SCV  
  113  7:42  Refinery  
  114  7:45  SCV  
  114  7:47  Marauder  
  117  7:54  Refinery  
  117  8:03  Supply Depot x2  
  117  8:07  Liberator  
  117  8:08  Starport Tech Lab, Liberator  
  117  8:13  Supply Depot  
  117  8:17  Liberator  
  117  8:24  Marine x3  
  117  8:25  Marine x2, Marauder x2  
  132  8:32  SCV  
  130  8:42  Marine x4  
  130  8:43  Marauder  
  130  8:46  Marauder  
  130  8:47  Marauder  
  121  8:48  SCV  
  121  8:50  Liberator x2  
  113  9:00  Marine x4, Liberator  
  111  9:04  Marauder  
  111  9:08  Marauder x2  
  122  9:11  Barracks x2  
  122  9:12  Barracks  
  122  9:18  Marine x2  
  122  9:21  Advanced Ballistics  
  127  9:25  Marauder  
  127  9:27  Supply Depot  
  127  9:29  Supply Depot, Marauder  
  131  9:32  Engineering Bay, Armory  
  131  9:36  Marine  
  131  9:37  Marine, Marauder  
  135  9:38  Marine  
  135  9:39  Marine  
  135  9:40  Liberator  
  137  9:47  Marauder  
  137  9:50  Marine  
  140  9:54  Marine  
  140  9:55  Marine  
  140  9:56  Marine  
  140  9:58  Marauder  
  147  10:03  Liberator x2  
  147  10:08  Marauder x2  
  148  10:18  Marine  
  148  10:19  Marauder  
  148  10:20  Marine  
  154  10:21  Marine x2  
  154  10:25  Supply Depot  
  154  10:26  Barracks Reactor  
  154  10:27  Barracks Tech Lab  
  156  10:30  Barracks Tech Lab, Marauder x2  
  160  10:40  Medivac  
  162  10:49  Marauder  
  164  10:50  Marauder  
  164  10:55  SCV x2  
Show
View Real Time Build Order
Export as new Build Order

Chabby Protoss 

Build Orders: 1 Gate Expand, Oracle Opening, Phoenix Opening, Zealot Archon 

Get SALT Encoding   

  12  0:02  Probe (Chrono Boost)  
  13  0:13  Probe (Chrono Boost)  
  14  0:17  Pylon  
  14  0:23  Probe (Chrono Boost)  
  15  0:36  Probe (Chrono Boost)  
  15  0:37  Gateway  
  16  0:43  Assimilator  
  16  0:46  Probe (Chrono Boost)  
  18  0:57  Probe (Chrono Boost)  
  18  1:07  Probe (Chrono Boost)  
  19  1:21  Nexus  
  19  1:31  Cybernetics Core  
  19  1:35  Probe (Chrono Boost)  
  20  1:41  Assimilator  
  20  1:45  Probe (Chrono Boost)  
  21  1:50  Pylon  
  21  1:56  Probe (Chrono Boost)  
  22  2:06  Probe (Chrono Boost)  
  23  2:09  Stargate  
  23  2:14  Adept (Chrono Boost)  
  25  2:17  Probe  
  25  2:20  Warp Gate  
  26  2:29  Probe (Chrono Boost)  
  27  2:30  Assimilator  
  27  2:32  Probe (Chrono Boost)  
  28  2:41  Probe (Chrono Boost)  
  29  2:45  Probe (Chrono Boost)  
  30  2:51  Probe (Chrono Boost)  
  30  2:52  Oracle (Chrono Boost)  
  30  2:54  Probe  
  35  3:01  Pylon  
  35  3:03  Probe  
  35  3:05  Probe  
  37  3:14  Mothership Core  
  37  3:15  Probe  
  40  3:24  Phoenix (Chrono Boost)  
  42  3:27  Probe  
  43  3:34  Probe  
  43  3:37  Twilight Council  
  43  3:39  Probe  
  43  3:45  Probe  
  43  3:46  Phoenix (Chrono Boost)  
  46  3:54  Probe  
  47  3:58  Gateway  
  47  4:00  Gateway  
  47  4:01  Assimilator, Probe  
  47  4:08  Phoenix (Chrono Boost)  
  50  4:10  Probe  
  50  4:12  Resonating Glaives (Chrono Boost)  
  50  4:15  Probe  
  52  4:21  Pylon  
  52  4:30  Phoenix (Chrono Boost)  
  54  4:31  Pylon  
  54  4:37  Gateway  
  54  4:39  Probe x2  
  56  4:52  Phoenix (Chrono Boost)  
  55  4:54  Probe  
  55  4:56  Adept  
  55  4:57  Probe  
  59  5:00  Templar Archives  
  59  5:06  Probe  
  60  5:10  Adept x2, Probe  
  65  5:15  Pylon  
  65  5:18  Probe (Chrono Boost)  
  66  5:22  Probe (Chrono Boost)  
  66  5:25  Gateway  
  67  5:30  Probe (Chrono Boost)  
  67  5:31  Psionic Storm  
  68  5:37  Nexus  
  68  5:46  Pylon  
  68  5:51  High Templar x2  
  68  5:52  Probe  
  68  5:56  High Templar, Probe  
  76  6:01  Adept  
  78  6:05  Pylon  
  76  6:13  Gateway  
  76  6:14  Gateway  
  76  6:19  Pylon  
  76  6:21  Probe (Chrono Boost)  
  77  6:26  High Templar, Adept x2  
  77  6:30  Robotics Facility  
  83  6:36  Assimilator  
  83  6:38  Assimilator  
  83  6:41  Gateway  
  83  6:44  Probe (Chrono Boost)  
  83  6:46  Forge, Probe (Chrono Boost)  
  85  6:51  Probe (Chrono Boost)  
  87  6:54  Probe (Chrono Boost)  
  87  6:58  High Templar, Adept x2  
  87  6:59  Adept  
  96  7:02  Probe (Chrono Boost)  
  96  7:03  Probe (Chrono Boost)  
  96  7:05  Probe (Chrono Boost)  
  98  7:15  Probe (Chrono Boost)  
  97  7:25  High Templar, Adept  
  97  7:26  Adept x2  
  97  7:27  Warp Prism (Chrono Boost), Probe (Chrono Boost)  
  97  7:28  Probe  
  109  7:30  Probe  
  110  7:37  Probe  
  110  7:43  Forge  
  111  7:44  Gateway  
  111  7:46  Pylon  
  111  7:47  Gateway  
  111  7:50  Photon Cannon  
  111  7:51  High Templar x2, Adept, Photon Cannon  
  117  7:55  Archon  
  117  7:57  Pylon  
  116  7:59  Observer (Chrono Boost), Pylon  
  117  8:05  Pylon  
  117  8:07  Pylon  
  117  8:12  High Templar x2  
  120  8:13  Adept  
  120  8:16  Archon  
  107  8:30  Adept x5  
  107  8:32  Probe  
  82  8:50  Adept x5  
  78  9:03  Immortal (Chrono Boost)  
  78  9:04  Probe  
  78  9:08  High Templar, Probe  
  78  9:09  Adept x2  
  88  9:10  Probe  
  88  9:14  Probe  
  88  9:15  Adept x5  
  100  9:19  Probe  
  100  9:22  Probe  
  102  9:25  Protoss Ground Weapons Level 1 (Chrono Boost)  
  102  9:26  Probe  
  102  9:29  Probe  
  102  9:30  Adept x2  
  108  9:34  Probe  
  109  9:38  Probe  
  109  9:39  Immortal  
  109  9:40  Probe  
  115  9:46  Probe  
  115  9:50  Probe x2  
  118  9:55  Stalker x2  
  122  10:13  Immortal  
  118  10:22  High Templar  
  118  10:23  High Templar x3  
  118  10:27  Adept x2  
  118  10:28  Adept  
  132  10:29  Archon  
  132  10:30  Archon  
  132  10:46  Adept x2  
  132  10:49  Nexus  
  136  10:50  Adept x2  
  136  10:51  Pylon  
  136  10:54  Pylon  
  96  11:16  Adept x3  
  96  11:17  Adept x5  
  96  11:18  Adept  
Tags
 
Add a new tag
Caveats
  • Supply blocks, unpowered buildings, or Contaminate may cause inaccurate times.
  • Supply counts are checked every 10 seconds.